 Dungeon Crawl Stone Soup version 0.31.0-12-g77e489cdc1 (webtiles) character file.

Game seed: 2277569908479693633

2408 Gadfly the Cudgeller (level 9, 0/93 HPs)
             Began as an Oni Berserker on Feb 23, 2024.
             Was a Priest of Trog.
             Slain by a cyclops (12 damage)
             ... on level 7 of the Dungeon.
             The game lasted 00:10:53 (6388 turns).

Gadfly the Cudgeller (Oni Berserker)                Turns: 6388, Time: 00:10:54

Health: 0/93       AC:  9    Str: 25    XL:     9   Next: 47%
Magic:  0/9        EV: 10    Int:  8    God:    Trog [***...]
Gold:   404        SH:  0    Dex: 10    Spells: 8/8 levels left

rFire   . . .        b - +4 quarterstaff (chaos)
rCold   . . .        (shield currently unavailable)
rNeg    . . .        j - +0 steam dragon scales
rPois   .            (helmet restricted)
rElec   .            c - +1 cloak
rCorr   .            (gloves unavailable)
SInv    +            (boots unavailable)
Will    .....        m - amulet of guardian spirit
Stlth   +            q - ring of see invisible
HPRegen 0.35/turn    (no ring)
MPRegen 0.11/turn

%: guardian spirit
@: no status effects
A: large, unfitting armour, horns 1, tough skin 1, double potion healing,
drunken brawling
a: Renounce Religion, Berserk, Trog's Hand


You were on level 7 of the Dungeon.
You worshipped Trog.
Trog was most pleased with you.
You visited 1 branch of the dungeon, and saw 7 of its levels.

You collected 404 gold pieces.

Inventory:

Hand Weapons
 a - a +4 flail
 b - a +4 quarterstaff of chaos (weapon)
Armour
 c - a +1 cloak (worn)
 j - +0 steam dragon scales (worn)
Jewellery
 m - an amulet of guardian spirit (around neck)
 q - a ring of see invisible (left hand)
Wands
 h - a wand of mindburst (8)
 n - a wand of polymorph (6)
 o - a wand of paralysis (26) (quivered)
Scrolls
 g - 2 scrolls of identify
 p - a scroll of poison
 s - a scroll of teleportation {unknown}
 t - a scroll of blinking {unknown}
Potions
 d - a potion of lignification
 e - a potion of berserk rage
 f - a potion of haste
 i - 3 potions of heal wounds
 k - 3 potions of curing
 l - a potion of attraction
 r - a potion of cancellation
 u - 2 potions of might {unknown}


   Skills:
 + Level 7.4 Fighting
 * Level 7.4 Maces & Flails
 * Level 5.8 Armour
 - Level 2.6 Dodging
 * Level 5.3 Evocations


You had 8 spell levels left.
You didn't know any spells.
Your spell library was empty.

Dungeon Overview and Level Annotations

Branches:
Dungeon (7/15)             Temple (0/1) D:6

Altars:
Nemelex Xobeh
Uskayaw
Vehumet
The Shining One


Innate Abilities, Weirdness & Mutations

You are too large for most types of armour.
You have a pair of small horns on your head.
You have tough skin. (AC +1)
You gain doubled healing and magic from potions.
Whenever you drink a healing potion, you attack all around you.


Message History

The boulder beetle is no longer moving slowly.
A cyclops opens the door.
The boulder beetle bites you but does no damage.
You hit the boulder beetle.
The boulder beetle is severely wounded.
The boulder beetle bites you but does no damage.
You hit the boulder beetle.
The boulder beetle is severely wounded.
The boulder beetle bites you!
The howler monkey hoots and howls with incredible vigour!
You hear a bellow!
You sock the boulder beetle!
The boulder beetle is poisoned.
The boulder beetle is almost dead.
A yak comes into view.
The boulder beetle bites you.
You sock the boulder beetle!
You kill the boulder beetle!
Trog accepts your kill.
The howler monkey hits you but does no damage.
Your Maces & Flails skill increases to level 7!
Your Evocations skill increases to level 5!
You sock the howler monkey!
The howler monkey is heavily wounded.
You hit the cyclops. You freeze the cyclops. You headbutt the cyclops.
The cyclops is moderately wounded.
You hit the cyclops.
The cyclops is moderately wounded.
You thump the cyclops! You burn the cyclops. You headbutt the cyclops.
The cyclops is severely wounded.
The cyclops barely misses you.
The howler monkey hoots and howls with incredible vigour!
You barely miss the cyclops.
You headbutt the cyclops, but do no damage.
The cyclops is severely wounded.
The cyclops hits you!!
* * * LOW HITPOINT WARNING * * *
You sock the cyclops! You burn the cyclops. You headbutt the cyclops.
The cyclops is almost dead.
The cyclops hits you!
You die...

#####...##.# #..#†..#..#
...........# ###.....#.#
##.........# #.....#.#
###.......# ## #.....###
#.......# .. #..#...#..#
#.......#.###'###.#.#.###.#.#
#......:#..$.h....##..#....##
##......#####C#########'#####
##.....#...@.....#...#.....#
#.....#.###.###.#÷#.#####.#
##....# #.#...#.#.#...#...#
##(#.#.#.#.###.#)###.#.###
###.#.........'.#..)..# #
#.#.###.#.#.###.#.### #
#.#.#...#[#.#...#.. # #.#
###.###.#.# ### # #.#
......#. #


You could see a cyclops and a howler monkey (catching breath).

Vanquished Creatures
  A boulder beetle (D:7)
  A steam dragon (D:7)
  2 water moccasins (D:7)
  A black bear (D:5)
  An orc warrior (D:7)
  2 ogres (D:6)
  A centaur (D:7)
  5 bullfrogs (D:7)
  A scorpion (D:7)
  A wight (D:7)
  A ballistomycete (D:7)
  A crimson imp (D:6)
  A jelly (D:7)
  A bombardier beetle (D:5)
  A hound (D:6)
  Crazy Yiuf (D:2)
  3 orc priests
  2 iguanas
  An orc wizard (D:6)
  8 gnolls
  4 adders
  A shadow imp (D:6)
  2 white imps (D:7)
  2 dart slugs (D:2)
  16 orcs
  4 endoplasms
  4 giant cockroaches
  12 hobgoblins
  4 quokkas
  14 ball pythons
  2 bats (D:1)
  3 frilled lizards
  6 goblins
  7 kobolds
  7 rats
124 creatures vanquished.

Vanquished Creatures (others)
  A gnoll bouda (D:7)
1 creature vanquished.

Grand Total: 125 creatures vanquished

Notes
Turn   | Place    | Note
-------+----------+-------------------------------------------
     0 | D:1      | Gadfly the Oni Berserker began the quest for the Orb.
     0 | D:1      | Reached XP level 1. HP: 24/24 MP: 1/1
    97 | D:1      | Reached XP level 2. HP: 32/32 MP: 2/2
   407 | D:1      | Reached XP level 3. HP: 39/39 MP: 3/3
   427 | D:1      | Reached skill level 1 in Armour
   427 | D:1      | Reached skill level 1 in Evocations
  1272 | D:2      | Reached ** piety under Trog
  1590 | D:2      | Reached XP level 4. HP: 48/49 MP: 4/4
  1830 | D:2      | Found a runed translucent door.
  1831 | D:2      | Noticed Crazy Yiuf
  1840 | D:2      | Killed Crazy Yiuf
  2332 | D:3      | Found a radiant altar of Vehumet.
  2590 | D:3      | Found a glowing golden altar of the Shining One.
  2906 | D:4      | Identified the +2 chain mail of the Moon {MP+9 Int+2}
  3017 | D:4      | Reached XP level 5. HP: 55/55 MP: 5/5
  3361 | D:5      | Entered Level 5 of the Dungeon
  3636 | D:5      | Noticed a black bear
  3648 | D:5      | Killed a black bear
  3649 | D:5      | Reached skill level 5 in Fighting
  3649 | D:5      | Reached XP level 6. HP: 65/66 MP: 6/6
  4219 | D:6      | Found a sparkling altar of Nemelex Xobeh.
  4256 | D:6      | Found a staircase to the Ecumenical Temple.
  4269 | D:6      | Reached XP level 7. HP: 29/72 MP: 2/7
  4497 | D:6      | Reached skill level 5 in Maces & Flails
  4990 | D:6      | Found a hide-covered altar of Uskayaw.
  5161 | D:7      | Reached *** piety under Trog
  5276 | D:7      | Reached XP level 8. HP: 52/83 MP: 8/8
  5681 | D:7      | HP: 3/84 [orc priest/divine providence (14)]
  6051 | D:7      | Reached skill level 5 in Armour
  6099 | D:7      | Reached XP level 9. HP: 75/92 MP: 9/9
  6362 | D:7      | Noticed a boulder beetle
  6379 | D:7      | Noticed a cyclops
  6382 | D:7      | Killed a boulder beetle
  6383 | D:7      | Reached skill level 5 in Evocations
  6388 | D:7      | Slain by a cyclops

Illustrated notes

Levels and vault maps discovered:
D:1:      amcnicky_arrival_blooded_trapdoor, layout_loops_ring
D:2:      layout_loops_ring, item_on_display_a, uniq_crazy_yiuf_cottage
D:3:      layout_loops_cross, mainiacjoe_overflow_surrounded_room,
          mainiacjoe_overflow_brackets, nrook_loot_triangle
D:4:      layout_basic, mainiacjoe_overflow_catwalk
D:5:      layout_basic, kennysheep_cross_bottleneck, hangedman_decor_push
D:6:      layout_basic, eat_drink_and_be_merry_uskayaw,
          nemelex_spade_bored_becter, minmay_temple_entry_mini_moons
D:7:      layout_cave_pods, minmay_the_grid_2x2 [minmay_the_grid_spin_star,
          minmay_the_grid_paths, minmay_the_grid_medium_cups,
          minmay_the_grid_prize_shrinking_boxes]

Skill      XL: |  1  2  3  4  5  6  7  8  9 |
---------------+----------------------------+-----
Armour         | 1 2 3 4 5 |  5.8
Evocations     | 1 2 3 4 5 |  5.3
Maces & Flails | 4 5 6 7 |  7.4
Fighting       | 5 6 7 |  7.4
Dodging        | |  2.6

Action                     |  1- 3 |  4- 6 |  7- 9 || total
---------------------------+-------+-------+-------++-------
  Melee: Mace              |   103 |     5 |       ||   108
         Headbutt          |    10 |    12 |    25 ||    47
         Quarterstaff      |       |    90 |   144 ||   234
         Flail             |       |       |    10 ||    10
 Invoke: Berserk           |       |     1 |       ||     1
    Use: Scroll            |     4 |     6 |     6 ||    16
         Potion            |       |       |     1 ||     1
 Armour: Animal skin       |    72 |    66 |    52 ||   190
         Steam dragon scal |       |       |    98 ||    98
  Dodge: Dodged            |    83 |    42 |   100 ||   225
